 Dungeon Crawl Stone Soup version 0.31-a0-1626-g5cb510d322 (webtiles) character file.

Game seed: 9315861620955381857

2011 Ivernyr the Blocker (level 9, -1/59 (72) HPs)
             Began as a Formicid Fighter on Jan 12, 2024.
             Killed by divine providence
             ... invoked by Jeremiah
              (11 damage)
             ... on level 6 of the Dungeon.
             The game lasted 00:08:20 (5373 turns).

Ivernyr the Blocker (Formicid Fighter)              Turns: 5373, Time: 00:08:21

HP:   -1/59 (72)    AC:  9    Str: 31    XL:     9   Next: 46%
MP:   9/9           EV: 10    Int:  8    God:
Gold: 319           SH:  6    Dex: 13    Spells: 8/8 levels left

rFire   + . .        a - +0 quarterstaff
rCold   . . .        c - +0 buckler
rNeg    . . .        b - +0 scale mail
rPois   .            (helmet unavailable)
rElec   .            (no cloak)
rCorr   .            l - +0 pair of gloves
SInv    +            (no boots)
Will    .....        (no amulet) Stlth
                     f - ring of protection from fire
HPRegen 0.29/turn    k - +6 ring of strength
MPRegen 0.11/turn

%: no passive effects
@: mighty, heavily drained
A: permanent stasis, dig shafts and tunnels, antennae 3, four strong arms
a: Dig, Shaft Self


You were on level 6 of the Dungeon.
You visited 1 branch of the dungeon, and saw 6 of its levels.

You collected 319 gold pieces.

Inventory:

Hand Weapons
 a - a +0 quarterstaff (weapon)
Missiles
 u - a throwing net
Armour
 b - a +0 scale mail (worn)
 c - a +0 buckler (worn)
 l - a +0 pair of gloves (worn)
Jewellery
 f - a ring of protection from fire (left hand)
 k - a +6 ring of strength (right hand)
Scrolls
 h - a scroll of brand weapon {unknown}
 m - 3 scrolls of identify {unknown}
 n - 6 scrolls of teleportation {unknown}
 o - a scroll of vulnerability {unknown}
 q - 2 scrolls of fog {unknown}
Potions
 d - a potion of might
 e - a potion of berserk rage {unknown}
 g - 2 potions of attraction {unknown}
 i - 2 potions of heal wounds {unknown}
 j - a potion of ambrosia {unknown}
 p - a potion of degeneration {unknown}
 r - 3 potions of magic {unknown}
 s - a potion of curing {unknown}
 t - a potion of invisibility {unknown}
 v - a potion of enlightenment {unknown}
 w - a potion of brilliance {unknown}
 x - a potion of mutation {unknown}


   Skills:
 + Level 7.2 Fighting
 + Level 6.2 Staves
 + Level 7.2 Armour
 + Level 8.7 Shields


You had 8 spell levels left.
You didn't know any spells.
Your spell library contained the following spells:

 Spells                   Type           Power      Damage    Failure   Level
 Ensorcelled Hibernation  Hex/Ice        0%         N/A       80%         2
 Mercury Vapours          Alch/Air       0%         N/A       80%         2
 Dazzling Flash           Conj/Hex       0%         N/A       95%         3
 Frozen Ramparts          Ice            0%         1d1       95%         3
 Mephitic Cloud           Conj/Alch/Air  0%         N/A       95%         3
 Passwall                 Erth           0%         N/A       95%         3
 Volatile Blastmotes      Fire/Tloc      0%         2d10      95%         3
 Leda's Liquefaction      Alch/Erth      0%         N/A       100%        4
 Petrify                  Alch/Erth      0%         N/A       100%        4
 Freezing Cloud           Conj/Ice/Air   0%         6-21      100%        5
 Metabolic Englaciation   Hex/Ice        0%         N/A       100%        5
 Starburst                Conj/Fire      0%         6d3       100%        6
 Maxwell's Capacitive Co  Air            0%         ∞         100%        8
 Swiftness                Air            Unusable   N/A       N/A         3

Dungeon Overview and Level Annotations

Branches:
Dungeon (6/15)
 Temple: D:4-7

Altars:
Dithmenos
Fedhas
Kikubaaqudgha
Ru

Shops:
D:5 =

Annotations:
D:6 Jeremiah


Innate Abilities, Weirdness & Mutations

You cannot be hasted, slowed, berserked, paralysed or teleported.
You can dig through walls and to a lower floor.
You have a pair of large antennae on your head. (SInv)
Your four strong arms can wield two-handed weapons with a shield.


Message History

Jeremiah hops!
Jeremiah trails rainbows from their fingertips.
Jeremiah hits you with a +2 trident of draining!
You feel drained.
You hit Jeremiah but do no damage. Jeremiah barely misses you.
You hit Jeremiah.
Jeremiah is lightly wounded.
The butterfly disappears in a burst of colours!
Jeremiah hits you with a +2 trident of draining.
You feel drained.
You closely miss Jeremiah.
Jeremiah is lightly wounded.
Jeremiah hits you with a +2 trident of draining.
You feel drained.
You feel very mighty all of a sudden. Jeremiah barely misses you.
You closely miss Jeremiah.
Jeremiah is lightly wounded.
The butterfly disappears in a burst of colours!
Jeremiah hits you with a +2 trident of draining!
* * * LOW HITPOINT WARNING * * *
You feel drained.
* * * LOW HITPOINT WARNING * * *
You sock Jeremiah!
Jeremiah is moderately wounded.
Jeremiah hits you but does no damage.
You feel drained.
You hit Jeremiah.
Jeremiah is moderately wounded.
The butterfly disappears in a burst of colours!
Jeremiah hits you with a +2 trident of draining.
* * * LOW HITPOINT WARNING * * *
You feel drained.
* * * LOW HITPOINT WARNING * * *
You hit Jeremiah.
Jeremiah is moderately wounded.
The butterfly disappears in a burst of colours!
Jeremiah mumbles a slurred invocation.
Something smites you!
You die...
Jeremiah asks, "Is it over?
Can I wake up now?"

#.. ... ### #### # {
############# #
#({.........# #
#.#########.# # #.#
##.## #
#.##.########...##
#.....b@Fb##{#.#.#######
####.####b#.##.##.#..)).
#.# #{b...).....#### #.#
####b##.##.### #..
........#.## ###
######.#.## ##>## ###


You could see Jeremiah.

Vanquished Creatures
  Eustachio (D:6)
  Menkaure (D:6)
  An ice beast (D:6)
  A sky beast (D:6)
  An ogre (D:3)
  A centaur (D:6)
  2 phantoms
  3 scorpions
  8 wights (D:6)
  A bombardier beetle (D:3)
  2 jellies
  3 hounds
  2 orc priests
  Jessica (D:3)
  2 iguanas (D:5)
  7 orc wizards
  An adder (D:2)
  A shadow imp (D:5)
  6 ufetubi
  2 dart slugs
  2 ribbon worms
  25 orcs
  7 ball pythons
  5 endoplasms
  3 giant cockroaches
  13 goblins
  4 hobgoblins
  8 kobolds
  3 quokkas
  9 bats
  A frilled lizard (D:1)
  4 rats
131 creatures vanquished.

Notes
Turn   | Place    | Note
-------+----------+-------------------------------------------
     0 | D:1      | Ivernyr the Formicid Fighter began the quest for the Orb.
     0 | D:1      | Reached XP level 1. HP: 18/18 MP: 1/1
    90 | D:1      | Reached XP level 2. HP: 24/24 MP: 2/2
   646 | D:2      | Reached XP level 3. HP: 28/29 MP: 3/3
  1241 | D:2      | Reached XP level 4. HP: 37/37 MP: 4/4
  1354 | D:3      | Noticed Jessica
  1365 | D:3      | Killed Jessica
  1725 | D:3      | Noticed an ogre
  1743 | D:3      | Killed an ogre
  1744 | D:3      | Reached skill level 5 in Shields
  1744 | D:3      | Reached XP level 5. HP: 18/43 MP: 5/5
  1880 | D:3      | Reached XP level 6. HP: 38/49 MP: 6/6
  2632 | D:4      | Reached XP level 7. HP: 51/55 MP: 7/7
  2789 | D:4      | Found a shadowy altar of Dithmenos.
  2818 | D:4      | Reached skill level 5 in Fighting
  2818 | D:4      | Reached skill level 5 in Armour
  2818 | D:4      | Reached skill level 6 in Shields
  3005 | D:4      | Found an ancient bone altar of Kikubaaqudgha.
  3041 | D:4      | Found a sacrificial altar of Ru.
  3286 | D:5      | Entered Level 5 of the Dungeon
  3535 | D:5      | Reached XP level 8. HP: 63/63 MP: 8/8
  3557 | D:5      | Found Opeazoh's Jewellery Boutique.
  3574 | D:5      | Found a blossoming altar of Fedhas.
  3784 | D:5      | Reached skill level 7 in Shields
  4187 | D:6      | Noticed Menkaure
  4193 | D:6      | Killed Menkaure
  4194 | D:6      | Reached skill level 5 in Staves
  4372 | D:6      | Noticed Eustachio
  4436 | D:6      | Killed Eustachio
  4544 | D:6      | Reached XP level 9. HP: 60/71 MP: 9/9
  4601 | D:6      | Reached skill level 8 in Shields
  5332 | D:6      | Noticed Jeremiah
  5373 | D:6      | Killed from afar by Jeremiah

Illustrated notes

Levels and vault maps discovered:
D:1:      wheals_arrival_shading, layout_loops_ring
D:2:      layout_basic, nrook_mini_vaults, guppyfry_early_lair_pool
D:3:      layout_loops_ring, minmay_ogre_servants, uniq_jessica
D:4:      layout_loops_ring, mainiacjoe_overflow_catch_the_wave,
          grunt_dithmenos_smoke_and_mirrors
D:5:      layout_rooms, fedhas_altar_2, serial_shops, shop_statue, st_stairs_1
D:6:      layout_loops_ring, uniq_eustachio, uniq_menkaure, uniq_jeremiah,
          uniq_blork_the_orc

Skill      XL: |  1  2  3  4  5  6  7  8  9 |
---------------+----------------------------+-----
Armour         | 4 5 6 7 |  7.2
Fighting       | 4 5 6 7 |  7.2
Staves         | 3 4 5 6 |  6.2
Shields        | 5 6 7 8 |  8.7

Action                     |  1- 3 |  4- 6 |  7- 9 || total
---------------------------+-------+-------+-------++-------
  Melee: Quarterstaff      |    99 |   102 |   343 ||   544
    Use: Potion            |       |       |     1 ||     1
 Armour: Scale mail        |    67 |    77 |   270 ||   414
  Dodge: Dodged            |    62 |    42 |   189 ||   293
  Block: Buckler           |    31 |    21 |   128 ||   180

Table legend: (Time is in decaauts)
 A = Elapsed time spent in this place.
 B = Non-inter-level travel time spent in this place.
 C = Inter-level travel time spent in this place.
 D = Time resting spent in this place.
 E = Time spent auto-exploring this place.
 F = Levels seen in this place.
 G = Mean time per level.
                   A        B        C        D        E       F      G
               +--------+--------+--------+--------+--------+-----+--------+
         Total |   5437 |   5348 |     89 |   1169 |   2997 |   6 |  906.2 |
       Dungeon |   5437 |   5348 |     89 |   1169 |   2997 |   6 |  906.2 |
               +--------+--------+--------+--------+--------+-----+--------+

Top non-repeatable levels by time:
     D:6: 1204 daAuts
     D:3: 1181 daAuts
     D:5: 904 daAuts
     D:2: 806 daAuts
     D:4: 774 daAuts
     D:1: 566 daAuts
